Description

Double Refinery, Double Reaper Cyclone Pressure into Marine/Tank/Raven drop. Auto Turrets allow you to let your enemy take even worse engagements against your tanks.

https://terrancraft.com/2016/12/31/tvt-double-refinery-reaper-cyclone-auto-turret-tank-drop/

Replay - A.I. 1 (Easy) v Maxilicious - Habitation Station LE (Void)

Build Order

Get SALT Encoding   

  14  0:18  Supply Depot  
  15  0:30  Refinery  
  16  0:45  Barracks  
  16  0:56  Refinery  
  19  1:31  Orbital Command  
  19  1:32  Reaper  
  20  1:35  Factory  
  20  1:45  Supply Depot  
  21  2:04  Reaper  
  23  2:20  Starport  
  23  2:21  Cyclone  
  27  2:34  Supply Depot  
  28  2:39  Barracks Tech Lab  
  30  3:04  Command Center  
  30  3:12  Raven  
  32  3:16  Barracks Reactor  
  32  3:18  Hellion  
  35  3:29  Supply Depot  
  36  3:39  Factory Tech Lab  
  37  3:50  Refinery  
  37  3:52  Marine  
  37  3:54  Marine  
  37  3:55  Viking  
  42  4:03  Siege Tank  
  45  4:10  Marine  
  45  4:16  Marine  
  48  4:18  Orbital Command  
  49  4:35  Siege Tank  
  52  4:40  SCV  
  52  4:42  Medivac  
  52  4:43  Medivac  
  57  4:47  Supply Depot  
  57  4:49  Marine  
  61  5:05  Supply Depot  
  62  5:11  Marine  
Spawning Tool Build Advisor. Get it on Overwolf

Go to:

Details

  • Created by: Vaethin
  • Published on: Jan 05, 2017
  • Modified on: Jan 06, 2017
  • Patch: 3.8.0
Show
View Real Time Build Order
Export as new Build Order

Comments (0)

There are no comments. Be the first!

Create an account to comment!